 Dungeon Crawl Stone Soup version 0.32-a0-652-g5f7579b (webtiles) character file.

Game seed: 12653481117855768754

2290136 Ray the Coglin Blade (level 27, 240/240 HPs)
             Began as a Coglin Warper on Mar 8, 2024.
             Was the Champion of Cheibriados.
             Escaped with the Orb
             ... and 4 runes!
             The game lasted 01:24:11 (76380 turns).

Ray the Coglin Blade (Coglin Warper)               Turns: 76380, Time: 01:24:11

Health: 240/240    AC: 14    Str: 27    XL:     27
Magic:  48/48      EV: 50    Int: 28    God:    Cheibriados [******]
Gold:   5296       SH:  0    Dex: 46    Spells: 36/68 levels left

rFire   + . .        k - +9 double sword (elec) {Zihan}
rCold   + . .        E - +9 demon blade (vamp) {Jihoo}
rNeg    . . .        m - +0 ring mail "Umit" {rC+ Dex+3}
rPois   +            r - +0 hat "Zari" {+Blink Dex+3 SInv}
rElec   +            U - +1 cloak {rPois}
rCorr   +            i - +2 pair of gloves of the Desolation of Salt {rF+ rCorr}
SInv    +            e - +0 pair of boots {Fly}
Will    ++...        (amulet unavailable)
Stlth   ++           (ring unavailable)
HPRegen 1.40/turn    (ring unavailable)
MPRegen 0.31/turn    p - experimental matrix {rElec rPois rCorr Clar RMsl}

%: repel missiles, clarity
@: flying, studying 4 skills, very slow
A: off-hand wielding, slow wielding, warmup strikes, no jewellery, camouflage 1,
dopey 1, regeneration 1, screaming 1, persistent drain
0: Orb of Zot
}: 4/15 runes: decaying, slimy, silver, gossamer
a: Renounce Religion, Evoke Blink, Bend Time, Temporal Distortion, Slouch, Step
From Time


You escaped.
You worshipped Cheibriados.
Cheibriados was exalted by your worship.
You visited 14 branches of the dungeon, and saw 58 of its levels.
You visited the Abyss 1 time.
You visited 1 bazaar.
You visited 1 ziggurat, and saw 16 of its levels.
You also visited: Trove, Ossuary and Gauntlet.

You collected 10594 gold pieces.
You spent 5298 gold pieces at shops.

Inventory:

Hand Weapons
 k - a +9 double sword of electrocution (weapon) {Zihan}
 E - a +9 vampiric demon blade (offhand) {Jihoo}
Missiles
 w - 7 curare-tipped darts (quivered)
 I - 6 throwing nets
Armour
 e - a +0 pair of boots of flying (worn)
 i - the +2 pair of gloves of the Desolation of Salt (worn) {rF+ rCorr}
   (You found it on level 2 of the Depths)

   rF+:       It protects you from fire.
   rCorr:     It protects you from acid and corrosion.
 m - the +0 ring mail "Umit" (worn) {rC+ Dex+3}
   (You took it off a deep elf high priest on level 3 of the Elven Halls)

   Dex+3:     It affects your dexterity (+3).
   rC+:       It protects you from cold.
 r - the +0 hat "Zari" (worn) {+Blink Dex+3 SInv}
   (You found it on level 1 of the Depths)

   Dex+3:     It affects your dexterity (+3).
   SInv:      It lets you see invisible.
   +Blink:    It lets you blink.
 G - the +1 pair of gloves of Dithmenos {+Inv Regen+ Str+4}
   (You found it on level 9 of a ziggurat)

   Str+4:     It affects your strength (+4).
   +Inv:      It lets you turn invisible.
   Regen+:    It increases your rate of health regeneration.
 Q - a +2 troll leather armour {Snorg}
 U - a +1 cloak of poison resistance (worn)
Gizmo
 p - an experimental matrix (installed) {rElec rPois rCorr Clar RMsl}
   (You invented it yourself on level 1 of the Lair of Beasts)

   [experimental matrix]

   rElec:     It insulates you from electricity.
   rPois:     It protects you from poison.
   Clar:      It protects you from confusion, rage, mesmerisation and fear.
   RMsl:      It protects you from missiles.
   rCorr:     It protects you from acid and corrosion.
Wands
 f - a wand of paralysis (93)
 g - a wand of warping (41)
 x - a wand of digging (39)
 D - a wand of acid (58)
Scrolls
 a - 10 scrolls of enchant weapon
 b - 3 scrolls of fear
 c - 12 scrolls of blinking
 h - 3 scrolls of summoning
 n - 8 scrolls of revelation
 o - 32 scrolls of teleportation
 s - 6 scrolls of brand weapon
 z - 8 scrolls of fog
 J - 10 scrolls of enchant armour
 K - 5 scrolls of silence
 O - 12 scrolls of immolation {!r!r}
 R - 7 scrolls of poison
Potions
 d - a potion of cancellation
 l - 13 potions of attraction
 t - 9 potions of brilliance
 u - 13 potions of heal wounds
 v - 18 potions of curing
 A - 8 potions of ambrosia
 B - 9 potions of invisibility
 C - 4 potions of resistance
 F - 8 potions of lignification {!q!q}
 H - 15 potions of enlightenment
 P - 10 potions of magic
 X - 10 potions of might
 Z - 13 potions of mutation
Miscellaneous
 j - a tin of tremorstones (2/2)
 L - a phial of floods
 S - a box of beasts
 T - a phantom mirror


   Skills:
 * Level 24.8 Fighting
 * Level 26.0 Long Blades
 - Level 0.8 Throwing
 - Level 9.0 Armour
 * Level 23.0 Dodging
 + Level 4.5 Stealth
 * Level 21.2 Spellcasting
 - Level 11.0 Necromancy
 + Level 18.8 Translocations
 + Level 11.4 Invocations
 - Level 12.0 Evocations
 + Level 10.6 Shapeshifting


You had 36 spell levels left.
You knew the following spells:

 Your Spells              Type           Power      Damage    Failure   Level
a - Blink                 Tloc           100%       N/A       0%          2
b - Sublimation of Blood  Necr           74%        N/A       1%          2
c - Manifold Assault      Tloc           94%        N/A       0%          4
d - Vhi's Electric Charg  Tloc/Air       100%       N/A       1%          4
e - Passwall              Erth           29%        N/A       5%          3
f - Passage of Golubria   Tloc           94%        N/A       0%          4
g - Lesser Beckoning      Tloc           100%       N/A       0%          2
h - Fugue of the Fallen   Necr           74%        N/A       1%          3
i - Disjunction           Tloc           47%        N/A       4%          8

Your spell library contained the following spells:

 Spells                   Type           Power      Damage    Failure   Level
 Apportation              Tloc           100%       N/A       0%          1
 Gell's Gravitas          Tloc           94%        N/A       0%          3
 Teleport Other           Tloc           94%        N/A       0%          3
 Foxfire                  Conj/Fire      100%       2x1d9     1%          1
 Freeze                   Ice            100%       1d10      1%          1
 Kiss of Death            Conj/Necr      100%       2d13      1%          1
 Magic Dart               Conj           100%       1d8       1%          1
 Necrotise                Necr           100%       1d9       1%          1
 Sandblast                Erth           58%        2d13      1%          1
 Shock                    Conj/Air       100%       1d9       1%          1
 Slow                     Hex            100%       N/A       1%          1
 Sting                    Conj/Alch      100%       1d9       1%          1
 Summon Small Mammal      Summ           100%       N/A       1%          1
 Cigotuvi's Dreadful Rot  Necr/Alch/Air  100%       N/A       1%          2
 Momentum Strike          Conj/Tloc      100%       3d10      1%          2
 Vampiric Draining        Necr           74%        2d11      1%          3
 Anguish                  Hex/Necr       28%        N/A       1%          4
 Animate Dead             Necr           74%        N/A       1%          4
 Dimensional Bullseye     Hex/Tloc       35%        N/A       1%          4
 Dispel Undead            Necr           74%        3d25      1%          4
 Martyr's Knell           Necr/Summ      57%        N/A       1%          4
 Summon Forest            Summ/Tloc      35%        N/A       1%          5
 Dispersal                Tloc           47%        N/A       1%          6
 Call Imp                 Summ           58%        N/A       2%          2
 Ensorcelled Hibernation  Hex/Ice        58%        N/A       2%          2
 Jinxbite                 Hex            58%        N/A       2%          2
 Mercury Vapours          Alch/Air       58%        N/A       2%          2
 Searing Ray              Conj           58%        2d6       2%          2
 Static Discharge         Conj/Air       58%        3-6/arc   2%          2
 Borgnjor's Vile Clutch   Necr/Erth      28%        N/A       4%          5
 Call Canine Familiar     Summ           29%        N/A       5%          3
 Confusing Touch          Hex            29%        N/A       5%          3
 Frozen Ramparts          Ice            58%        1d9       5%          3
 Hailstorm                Conj/Ice       29%        3d8       5%          3
 Inner Flame              Hex/Fire       29%        N/A       5%          3
 Mephitic Cloud           Conj/Alch/Air  29%        N/A       5%          3
 Ozocubu's Armour         Ice            29%        N/A       5%          3
 Sigil of Binding         Hex            29%        N/A       5%          3
 Stone Arrow              Conj/Erth      58%        3d10      5%          3
 Summon Ice Beast         Ice/Summ       29%        N/A       5%          3
 Swiftness                Air            29%        N/A       5%          3
 Tukima's Dance           Hex            29%        N/A       5%          3
 Airstrike                Air            14%        2d(3-19)  17%         4
 Animate Armour           Summ/Erth      58%        N/A       17%         4
 Brom's Barrelling Bould  Conj/Erth      29%        2d5       17%         4
 Cause Fear               Hex            14%        N/A       17%         4
 Flame Wave               Conj/Fire      29%        2d9       17%         4
 Fulminant Prism          Conj/Alch      14%        3d9       17%         4
 Ignite Poison            Fire/Alch      29%        N/A       17%         4
 Leda's Liquefaction      Alch/Erth      14%        N/A       17%         4
 Olgreb's Toxic Radiance  Alch           29%        N/A       17%         4
 Petrify                  Alch/Erth      29%        N/A       17%         4
 Sticky Flame             Fire/Alch      29%        2d7       17%         4
 Summon Blazeheart Golem  Fire/Summ      29%        N/A       17%         4
 Summon Lightning Spire   Summ/Air       29%        N/A       17%         4
 Malign Gateway           Summ/Tloc      35%        N/A       30%         7
 Alistair's Intoxication  Alch           19%        N/A       43%         5
 Arcjolt                  Conj/Air       14%        1d24      43%         5
 Fireball                 Conj/Fire      14%        3d8       43%         5
 Freezing Cloud           Conj/Ice/Air   14%        6-21      43%         5
 Irradiate                Conj/Alch      14%        3d16      43%         5
 Iskenderun's Battlesphe  Conj           29%        2d8       43%         5
 Lee's Rapid Deconstruct  Erth           14%        3d9*      43%         5
 Metabolic Englaciation   Hex/Ice        14%        N/A       43%         5
 Summon Mana Viper        Hex/Summ       29%        N/A       43%         5
 Yara's Violent Unravell  Hex/Alch       14%        3d7       43%         5
 Borgnjor's Revivificati  Necr           37%        N/A       77%         8
 Infestation              Necr           37%        N/A       77%         8
 Haunt                    Necr/Summ      28%        N/A       83%         7
 Bombard                  Conj/Erth      14%        9d3       95%         6
 Conjure Ball Lightning   Conj/Air       14%        3x3d6     95%         6
 Eringya's Noxious Bog    Alch           14%        4d6       95%         6
 Plasma Beam              Fire/Air       14%        2x1d25    95%         6
 Sculpt Simulacrum        Ice/Alch       14%        N/A       95%         6
 Starburst                Conj/Fire      14%        6d6       95%         6
 Summon Cactus Giant      Summ           14%        N/A       95%         6
 Enfeeble                 Hex            14%        N/A       100%        7
 Monstrous Menagerie      Summ           14%        N/A       100%        7
 Orb of Destruction       Conj           14%        9d7       100%        7
 Ozocubu's Refrigeration  Ice            14%        4d10      100%        7
 Spellforged Servitor     Conj/Summ      14%        N/A       100%        7
 Summon Hydra             Summ           14%        N/A       100%        7
 Discord                  Hex            14%        N/A       100%        8
 Ignition                 Fire           14%        3d6       100%        8
 Lehudib's Crystal Spear  Conj/Erth      14%        10d5      100%        8
 Maxwell's Capacitive Co  Air            14%        ∞         100%        8
 Summon Horrible Things   Summ           14%        N/A       100%        8
 Death's Door             Necr           37%        N/A       100%        9
 Dragon's Call            Summ           14%        N/A       100%        9
 Fire Storm               Conj/Fire      14%        8d4       100%        9


Dungeon Overview and Level Annotations

Branches:
Dungeon (15/15)            Temple (1/1) D:6            Lair (5/5) D:10
  Swamp (4/4) Lair:2       Spider (4/4) Lair:2        Slime (5/5) Lair:5
    Orc (2/2) D:11            Elf (3/3) Orc:2        Vaults (5/5) D:14
  Crypt (3/3) Vaults:3       Tomb (1/3) Crypt:3      Depths (4/4) D:15
   Hell (visited)             Zot (5/5) Depths:4    Ossuary (visited)
Gauntlet (visited)
    Dis: Hell:1         Geh: Hell:1         Coc: Hell:1         Tar: Hell:1

Altars:
Ashenzari
Cheibriados
Dithmenos
Elyvilon
Fedhas
Gozag
Hepliaklqana
Kikubaaqudgha
Makhleb
Nemelex Xobeh
Okawaru
Qazlal
Ru
Sif Muna
Trog
Uskayaw
Vehumet
Wu Jian
Xom
Yredelemnul
Zin
The Shining One
Beogh
Jiyva

Shops:
D:1 [   D:4 :   D:5 :   D:6 [   D:10 *   D:13 =   Orc:2 !**(:   Elf:2 [
Elf:3 *(   Vaults:3 :   Vaults:5 =!   Zot:4 *   Depths:1 *   Depths:3 *

Portals:
Hell: Depths:1 Depths:2 Depths:3 Depths:4
Abyss: Depths:2 Depths:3
Pandemonium: Depths:2

Annotations:
Temple 2 transporters
Depths:3 2 transporters, Vyimam's ghost, adept TrGl


Innate Abilities, Weirdness & Mutations

You can wield a second weapon in your off-hand.
It takes a long time for you to wield or remove held weapons.
Your first few attacks do less damage.
You cannot equip rings or amulets.
Your skin changes colour to match your surroundings (Stealth+).
You are dopey. (Int -2)
Your natural rate of healing is unusually fast.
You occasionally shout uncontrollably at your foes.
Your health recovers twice as slowly from being drained.


Message History

What level of the Dungeon? (default 1, ? - help)
You see here 2 stones.
There is a stone staircase leading up here.
You fly upwards.
There is a stone staircase leading down here.
There is a stone staircase leading up here.
You fly upwards.
There is a stone staircase leading down here.
You see here a +0 chain mail.
Magic restored.
A shadow demon comes into view.
Casting: Manifold Assault (safe; 0% risk of failure)
Confirm with . or Enter, or press ? or * to list all spells.
Space momentarily warps into an impossible shape!
You cut the shadow demon into ribbons with your +9 double sword of electrocution!!!
You hit the shadow demon with your +9 vampiric demon blade.
Casting: Manifold Assault (safe; 0% risk of failure)
Confirm with . or Enter, or press ? or * to list all spells.
Space momentarily warps into an impossible shape!
You slice the shadow demon with your +9 vampiric demon blade!!
You kill the shadow demon!
Cheibriados appreciates the change of pace.
Casting: Manifold Assault (safe; 0% risk of failure)
Confirm with . or Enter, or press ? or * to list all spells.
You can't see anything to attack.
What level of the Dungeon? (default 1, ? - help)
There is an open door here.
There is an open door here.
There is a stone staircase leading up here.
You fly upwards.
There is a stone staircase leading down here.
There is a stone staircase leading up here.
You fly upwards.
There is a stone staircase leading down here.
There is a staircase leading out of the dungeon here.
Casting: Manifold Assault (safe; 0% risk of failure)
Confirm with . or Enter, or press ? or * to list all spells.
You can't see anything to attack.
Okay, then.
You have escaped!

......# #..≈..##......####
##..#.# ##.≈§≈.#.......####
##..#.# ##..≈.≈.#...........
....#.#### #..≈.§§§#.....#.####
÷.÷......#####.≈...≈.#..#.##.####
###>#.##.##...§§...≈.#....##.)...
......##....≈≈§≈§...........#####
#..#.......≈..§§§≈...##...#.#....
#.#.####..≈....≈@.§..##.....#.#.#
#.#.####...≈....§.§......#.......
#.#.........≈≈≈≈§.≈..............
#.######..........§..#...........
#.######...###.≈...≈.#.#.##......
................≈.§§.#.#.##......
#.#######.######.≈§≈§#.#.##.#....
#.# ###...####.§§§.#.#....##...
#.# #.......##..≈..#.####.....÷


There were no monsters in sight!

Vanquished Creatures
  the Royal Jelly (Slime:5)
  7 dread liches
  4 ancient liches
  5 orbs of fire
  Mara (Depths:1)
  A juggernaut (Depths:2)
  Xtahua (Vaults:4)
  Bai Suzhen (Swamp:3)
  16 Killer Klowns
  5 caustic shrikes
  Nikola (Swamp:3)
  5 curse toes
  5 pandemonium lords
  9 golden dragons
  Geryon (Hell)
  Norris (Vaults:3)
  Arachne (Spider:4)
  A bone dragon (Crypt:3)
  3 electric golems
  4 Brimstone Fiends
  2 Tzitzimimeh
  2 hellephants (Zig:14)
  3 iron giants (Zig:16)
  Rupert (D:13)
  34 tentacled monstrosities
  13 liches
  Mlioglotl (Spider:4)
  An Ice Fiend (Zig:13)
  3 titans
  3 deep elf blademasters
  3 Hell Sentinels
  26 Orb Guardians
  A walking frostbound tome (Depths:2)
  8 quicksilver dragons
  2 Executioners
  11 searing wretches (Zig:14)
  4 sphinxes
  18 acid blobs
  2 deep elf master archers (Elf:3)
  6 death cobs
  7 ancient champions
  The ghost of rotlqkf the Brawler, a journeyman TrBe of Trog (D:15)
  19 shadow dragons
  3 thorn hunters
  Kirke (D:13)
  11 tengu reavers
  4 draconian monks
  Roxanne (D:14)
  5 fenstrider witches
  3 protean progenitors
  13 rockslimes
  10 azure jellies
  A revenant (Crypt:3)
  8 deep elf sorcerers
  11 storm dragons
  12 frost giants
  8 draconian knights
  10 fire giants
  A caustic shrike zombie (Crypt:3)
  A quicksilver elemental (Zig:4)
  6 nagarajas (Zig:15)
  8 iron dragons
  A curse skull (Crypt:3)
  8 vault wardens
  2 emperor scorpions
  7 draconian shifters
  5 deep elf elementalists (Elf:3)
  Louise (Spider:4)
  3 draconian scorchers
  5 draconian stormcallers
  6 balrugs
  8 ghost moths
  5 ghouls
  2 angels (Depths:2)
  8 quicksilver oozes
  2 orc warlords (Vaults:1)
  4 broodmothers
  11 draconian annihilators
  A cacodemon (Zig:13)
  A caustic shrike skeleton (Crypt:3)
  2 spriggan defenders
  5 formless jellyfish
  A reaper (Hell)
  A demonspawn corrupter (Zig:13)
  4 demonspawn black suns (Zig:13)
  25 very ugly things
  21 ironbound preservers
  3 demonspawn blood saints (Zig:13)
  A putrid mouth (Hell)
  6 ironbound thunderhulks
  A stone giant (shapeshifter) (Zig:8)
  6 vampire knights
  4 deep elf demonologists
  8 green draconians
  An eleionoma (shapeshifter) (Zig:8)
  31 stone giants
  13 deep elf death magi
  12 dire elephants
  6 eleionomae
  2 minotaurs
  13 black draconians
  14 purple draconians
  8 deep elf annihilators
  11 spark wasps
  8 red draconians
  2 lorocyprocas
  16 white draconians
  16 yellow draconians
  6 war gargoyles
  3 eidola
  An iron golem (Zig:4)
  13 bunyips
  5 blizzard demons
  A merfolk javelineer (Depths:3)
  3 green deaths
  Snorg (D:14)
  11 yaktaur captains
  3 crystal guardians (Zig:16)
  16 ettins
  2 mummy priests (Crypt:3)
  3 merfolk impalers (Depths:3)
  9 fire dragons
  Josephine (Orc:1)
  8 jiangshi
  8 entropy weavers
  5 deep elf high priests
  3 spriggan zombies
  2 entropy weavers (shapeshifter)
  6 great orbs of eyes
  7 shambling mangroves
  31 vault guards
  19 hydras
  A quicksilver dragon skeleton (Vaults:5)
  Harold (Orc:1)
  2 radroaches
  7 ironbound frosthearts
  13 ice dragons
  A hell beast (Depths:1)
  A ghost crab (Gauntlet)
  7 ogre magi
  9 spriggan air magi
  2 caustic shrike simulacra
  Erica (D:8)
  4 rakshasas
  A two-headed ogre (shapeshifter) (Zig:8)
  4 salamander tyrants (Zig:15)
  17 centaur warriors
  24 two-headed ogres
  17 alligators
  4 jorogumos
  6 boulder beetles
  A catoblepas (Lair:5)
  33 dancing weapons
  5 death knights
  2 anacondas (Zig:15)
  5 tengu warriors
  6 vampire magi
  9 demonic crawlers
  6 hell hogs (Hell)
  2 shock serpents (Zig:15)
  8 deep troll shamans
  An occultist (Swamp:4)
  14 deep troll earth magi
  A spectral dire elephant (Lair:5)
  3 naga sharpshooters (Zig:15)
  10 spriggan berserkers
  A naga warrior (Zig:15)
  9 soul eaters
  4 hell knights
  A storm dragon zombie (Depths:2)
  18 deep elf knights
  29 skeletal warriors
  Sonja (D:12)
  8 sun demons
  9 iron trolls
  2 wretched stars
  A spectral spark wasp (Depths:1)
  4 shadow wraiths
  A spectral death yak (Lair:5)
  2 fire crabs (shapeshifter)
  12 pharaoh ants
  87 deep trolls
  A bunyip zombie (Crypt:1)
  5 sixfirhies
  4 skysharks
  A spectral anaconda (Lair:5)
  A mana viper (Zig:15)
  6 flayed ghosts
  3 goliath frogs
  A storm dragon skeleton (Depths:1)
  A golden dragon zombie (Depths:2)
  A deep troll (shapeshifter) (Depths:1)
  A spatial maelstrom (Zig:6)
  11 orb spiders
  11 large abominations
  2 death drakes
  4 arcanists
  2 obsidian statues
  2 glowing orange brains
  2 shadow demons
  6 spriggan druids
  4 thermic dynamos
  3 orange crystal statues
  A mana viper (shapeshifter) (Vaults:5)
  3 sun moths (Spider:4)
  12 lindwurms
  18 ironbound convokers
  An anaconda skeleton (Crypt:2)
  5 bog bodies
  A shadow dragon zombie (Crypt:2)
  A spriggan simulacrum (Hell)
  6 deep elf archers
  27 deep elf pyromancers
  8 swamp dragons
  11 steelbarb worms
  11 necromancers
  A wolf spider zombie (Crypt:3)
  8 orc knights
  22 deep elf zephyrmancers
  14 phantasmal warriors
  5 starcursed masses
  17 wolf spiders
  31 ugly things
  A jorogumo zombie (Crypt:1)
  6 orc sorcerers
  4 cyclopes
  2 frost giant zombies
  A salamander (Zig:15)
  6 will-o-the-wisps
  An oklob plant (Lair:2)
  3 manticores
  7 shining eyes
  12 elephants
  32 moths of wrath
  5 rust devils
  A dire elephant zombie (Lair:5)
  5 meliai
  A faun (shapeshifter) (Depths:1)
  A fire giant skeleton (Depths:2)
  A meliai (shapeshifter) (Abyss:2)
  A centaur zombie (Crypt:1)
  13 vault sentinels
  A kobold blastminer (Orc:2)
  6 naga magi (Zig:15)
  2 guardian serpents (shapeshifter)
  2 guardian serpents (Zig:15)
  4 gargoyles
  An eye of devastation (Slime:5)
  A torpor snail (shapeshifter) (Zig:7)
  2 water nymphs (shapeshifter)
  9 black mambas
  4 ice statues
  7 torpor snails
  6 smoke demons
  A naga skeleton (Crypt:3)
  A black draconian zombie (Crypt:1)
  An orange demon (Zot:5)
  An elephant slug zombie (Crypt:3)
  A death yak zombie (Crypt:2)
  8 cane toads
  2 hellions
  A red draconian skeleton (Crypt:1)
  A komodo dragon (shapeshifter) (Elf:1)
  2 unseen horrors (Depths:3)
  4 rime drakes
  11 freezing wraiths
  31 yaktaurs
  An ancient zyme (Zig:6)
  5 kobold demonologists
  2 tormentors
  A purple draconian skeleton (Crypt:1)
  A guardian mummy (Crypt:3)
  6 tengu conjurers
  A silent spectre (Vaults:1)
  An unseen horror skeleton (Crypt:3)
  7 komodo dragons
  3 trolls
  5 bloated husks
  A black draconian skeleton (Crypt:3)
  2 red devils
  2 polar bears
  A queen bee (shapeshifter) (Elf:1)
  A troll (shapeshifter) (D:15)
  29 hornets
  A shadow dragon simulacrum (Depths:1)
  6 hellwings (Swamp:4)
  A hornet (shapeshifter) (D:13)
  A wolf spider simulacrum (D:15)
  8 tyrant leeches
  17 tarantellas
  3 raiju (Abyss:2)
  9 blink frogs
  3 glass eyes
  2 harpy skeletons
  16 culicivoras
  31 jumping spiders
  3 shadows
  91 slime creatures
  3 centaur simulacra (Gauntlet)
  An ettin skeleton (Crypt:3)
  5 air elementals
  7 small abominations
  A black mamba zombie (Crypt:1)
  14 wraiths
  46 yaks
  21 spriggans
  12 water elementals
  A yak (shapeshifter) (Elf:1)
  2 vampires (D:10)
  3 basilisks
  3 fire elementals
  6 wyverns
  2 ushabtiu (Crypt:3)
  A ynoxinul (D:15)
  10 golden eyes
  A slime creature zombie (Crypt:3)
  7 hogs (D:13)
  8 chaos spawn
  3 neqoxecs
  2 wargs
  A steam dragon (D:4)
  70 redbacks
  24 vampire mosquitoes
  12 swamp worms
  A two-headed ogre zombie (Crypt:1)
  The ghost of Dega the Ducker, an amateur OpFi (D:3)
  Edmund (D:5)
  2 nagas (Zig:15)
  A glowing shapeshifter zombie (Crypt:2)
  5 hell hounds
  8 water moccasins
  3 acid dragons
  A merfolk zombie (Crypt:2)
  3 ice beasts
  A meliai simulacrum (D:15)
  19 orc warriors
  3 sky beasts
  6 laughing skulls
  A black bear (D:6)
  An elephant zombie (Lair:5)
  26 ogres
  32 wolves
  2 human skeletons (Vaults:5)
  A boggart (D:12)
  A crocodile (shapeshifter) (Elf:2)
  A tengu (D:5)
  A centaur (shapeshifter) (Elf:1)
  10 centaurs
  2 elephant skeletons (Lair:5)
  7 kobold brigands
  A yaktaur zombie (Crypt:3)
  A brain worm (Abyss:2)
  5 scorpions
  11 bullfrogs
  2 cane toad simulacra (Lair:5)
  5 earth elementals
  A komodo dragon skeleton (Crypt:3)
  A gnoll sergeant (D:9)
  A cyclops skeleton (Crypt:1)
  25 wights
  13 killer bees
  An elephant simulacrum (Lair:5)
  A polar bear skeleton (Crypt:1)
  2 vampire bats (D:13)
  A howler monkey (D:8)
  An electric eel (Lair:5)
  A bombardier beetle (D:3)
  A jelly (D:8)
  3 hounds
  A wyvern simulacrum (Gauntlet)
  4 human zombies (Ossuary)
  2 quasits (Abyss:2)
  Crazy Yiuf (D:5)
  2 iron imps (Abyss:2)
  10 orc priests
  A scorpion zombie (Crypt:1)
  3 iguanas
  13 orc wizards
  7 hell rats (Lair:4)
  An acid dragon zombie (Crypt:2)
  5 mummies
  4 gnolls (D:9)
  A shadow imp (D:7)
  2 white imps
  5 ufetubi
  An adder zombie (Ossuary)
  A lava snake zombie (Crypt:3)
  An iguana skeleton (Crypt:1)
  2 dart slugs
  A ribbon worm (D:2)
  69 orcs
  A bat zombie (Crypt:2)
  2 endoplasms
  A giant cockroach (D:4)
  A gnoll zombie (Ossuary)
  8 goblins
  6 hobgoblins
  4 jackals (D:1)
  15 kobolds
  5 quokkas
  10 ball pythons
  14 bats
  3 frilled lizards
  A frilled lizard zombie (Crypt:2)
  3 goblin zombies (Ossuary)
  A kobold zombie (Ossuary)
  An orc zombie (Ossuary)
  7 rats
  A rat zombie (Ossuary)
  5 aspiring fleshes (Zot:2)
  A butterfly (Zig:15)
  2 spectral weapons (Zot:1)
2727 creatures vanquished.

Vanquished Creatures (collateral kills)
  An acid blob (Slime:5)
  2 quicksilver oozes (Slime:5)
  A hydra (Swamp:4)
  An ogre mage (Orc:2)
  A two-headed ogre (Orc:2)
  An orc knight (Orc:1)
  A shining eye (Slime:5)
  A tyrant leech (Swamp:3)
  A slime creature (Slime:5)
  3 orc warriors (Orc:1)
  An orc priest (Orc:1)
14 creatures vanquished.

Vanquished Creatures (others)
  2 deep elf knights
  A bloated husk (Swamp:2)
  A tyrant leech (Swamp:4)
  A chaos spawn (Swamp:4)
  14 foxfires
19 creatures vanquished.

Grand Total: 2760 creatures vanquished

Notes
Turn   | Place    | Note
-------+----------+-------------------------------------------
     0 | D:1      | Ray the Coglin Warper began the quest for the Orb.
     0 | D:1      | Reached XP level 1. HP: 16/16 MP: 3/3
   159 | D:1      | Reached XP level 2. HP: 19/22 MP: 4/4
   173 | D:1      | Learned a level 2 spell: Blink
   245 | D:1      | Reached skill level 3 in Long Blades
   331 | D:1      | Reached XP level 3. HP: 20/27 MP: 5/5
   501 | D:1      | Found Lucaem's Antique Armour Emporium.
   954 | D:2      | Found a broken altar of Ashenzari.
  1475 | D:3      | Learned a level 2 spell: Lesser Beckoning
  1593 | D:3      | Reached skill level 4 in Long Blades
  1794 | D:3      | Found a runed translucent gate.
  1794 | D:3      | Found a runed translucent gate.
  1859 | D:3      | Reached XP level 4. HP: 33/33 MP: 6/6
  1991 | D:3      | Found an iron altar of Okawaru.
  2244 | D:3      | Found a runed translucent gate.
  2247 | D:3      | Noticed Dega's ghost (amateur OpFi)
  2247 | D:3      | Noticed a kobold brigand
  2393 | D:4      | Noticed a steam dragon
  2402 | D:4      | Killed a steam dragon
  2403 | D:4      | Reached skill level 6 in Long Blades
  2403 | D:4      | Reached XP level 5. HP: 36/38 MP: 7/7
  2403 | D:4      | Reached XP level 6. HP: 42/44 MP: 8/8
  2522 | D:4      | Found Weakaj's Self-Improvement Boutique.
  3304 | D:5      | Entered Level 5 of the Dungeon
  3375 | D:5      | Reached skill level 7 in Long Blades
  3378 | D:5      | Reached XP level 7. HP: 50/50 MP: 9/9
  3574 | D:5      | Noticed Edmund
  3575 | D:5      | Noticed a hornet
  3594 | D:5      | a hornet changed into a tengu
  3602 | D:5      | Reached skill level 8 in Long Blades
  3854 | D:5      | Found a runed translucent door.
  3857 | D:5      | Noticed Crazy Yiuf
  3884 | D:5      | Found Voupheozest's Tremendous Tomes.
  3932 | D:5      | Killed Edmund
  4347 | D:6      | Found a staircase to the Ecumenical Temple.
  4353 | D:6      | Reached skill level 9 in Long Blades
  4358 | Temple   | Found a transporter.
  4358 | Temple   | Found a transporter.
  4358 | Temple   | Found a transporter.
  4358 | Temple   | Found a transporter.
  4358 | Temple   | Entered the Ecumenical Temple
  4371 | Temple   | Became a worshipper of Cheibriados the Contemplative
  4396 | D:6      | Reached XP level 8. HP: 56/56 MP: 10/10
  4419 | D:6      | Noticed a wyvern
  4429 | D:6      | Killed a wyvern
  4747 | D:5      | Reached skill level 10 in Long Blades
  5150 | D:5      | Reached * piety under Cheibriados
  5596 | D:6      | Identified the +0 leather armour of Zeriar {rPois Dex+3
                  | Stlth+}
  5620 | D:6      | Reached XP level 9. HP: 45/62 MP: 11/13
  5725 | D:6      | Learned a level 4 spell: Manifold Assault
  5730 | D:6      | Learned a level 4 spell: Vhi's Electric Charge
  5930 | D:6      | Reached ** piety under Cheibriados
  6078 | D:6      | Found Femol's Antique Armour Boutique.
  6273 | D:1      | Bought a steaming ring mail for 189 gold pieces
  6273 | D:1      | Identified the +0 ring mail "Poggudac" {Int+2} (You bought
                  | it in a shop on level 1 of the Dungeon)
  6640 | D:6      | Noticed Maggie
  6646 | D:6      | Maggie changed into Maggie the sky beast
  6646 | D:6      | Noticed Maggie
  6648 | D:6      | Killed Maggie the sky beast
  6776 | D:7      | Found a sand-covered staircase.
  6806 | Ossuary  | Entered an ossuary
  7524 | D:7      | Reached skill level 5 in Translocations
  7842 | D:7      | Found a glowing silver altar of Zin.
  8058 | D:7      | Reached skill level 11 in Long Blades
  8305 | D:8      | Reached XP level 10. HP: 71/71 MP: 11/16
  8460 | D:8      | Reached *** piety under Cheibriados
  9045 | D:8      | Reached skill level 5 in Spellcasting
  9448 | D:8      | Noticed Erica
  9457 | D:8      | Killed Erica
  9827 | D:9      | Reached **** piety under Cheibriados
 10452 | D:10     | Entered Level 10 of the Dungeon
 10517 | D:10     | Found a staircase to the Lair.
 10601 | D:10     | Reached skill level 5 in Fighting
 10668 | D:10     | Reached XP level 11. HP: 79/79 MP: 10/19
 10983 | D:10     | Found a glowing golden altar of the Shining One.
 11050 | D:10     | Reached skill level 12 in Long Blades
 11331 | D:10     | Found Usitahieng's Island Escapes.
 11375 | D:10     | Bought a potion of invisibility for 112 gold pieces
 11375 | D:10     | Bought a potion of invisibility for 112 gold pieces
 11375 | D:10     | Bought a scroll of teleportation for 42 gold pieces
 11375 | D:10     | Bought a scroll of teleportation for 42 gold pieces
 11375 | D:10     | Bought a scroll of teleportation for 42 gold pieces
 11386 | D:11     | Noticed a two-headed ogre
 11387 | D:11     | Noticed a cyclops
 11388 | D:11     | Killed a two-headed ogre
 11389 | D:11     | Killed a cyclops
 11585 | D:11     | Noticed a manticore
 11587 | D:11     | Killed a manticore
 11864 | D:11     | Found a staircase to the Orcish Mines.
 12096 | D:11     | Noticed a skeletal warrior
 12097 | D:11     | Noticed a skeletal warrior
 12101 | D:11     | Noticed a skeletal warrior
 12105 | D:11     | Killed a skeletal warrior
 12106 | D:11     | Reached skill level 5 in Dodging
 12107 | D:11     | Killed a skeletal warrior
 12169 | D:11     | Killed a skeletal warrior
 12494 | D:11     | Found a faded altar of an unknown god.
 13005 | D:11     | Found a staircase to the Orcish Mines.
 13127 | D:11     | Found a faded altar of an unknown god.
 13209 | Orc:1    | Entered Level 1 of the Orcish Mines
 13335 | Orc:1    | Noticed Harold
 13345 | Orc:1    | Killed Harold
 13516 | Orc:2    | Entered Level 2 of the Orcish Mines
 13518 | Orc:2    | Reached ***** piety under Cheibriados
 13637 | Orc:2    | Found a bloodstained altar of Trog.
 13665 | Orc:2    | Reached XP level 12. HP: 88/88 MP: 8/22
 13867 | Orc:1    | Noticed Josephine
 13980 | Orc:1    | Killed Josephine
 14067 | Orc:1    | Reached skill level 13 in Long Blades
 14460 | Orc:1    | Noticed an ettin
 14466 | Orc:1    | Reached skill level 1 in Evocations
 14878 | Orc:1    | Killed an ettin
 15145 | Orc:1    | Found a roughly hewn altar of Beogh.
 15474 | Orc:2    | Found a staircase to the Elven Halls.
 15480 | Orc:2    | Found Qoyren's Book Emporium.
 15576 | Orc:2    | Noticed a two-headed ogre
 15589 | Orc:2    | Noticed a two-headed ogre
 15591 | Orc:2    | Noticed an ogre mage
 15595 | Orc:2    | Killed a two-headed ogre
 15597 | Orc:2    | Killed an ogre mage
 15599 | Orc:2    | Noticed a two-headed ogre
 15600 | Orc:2    | Noticed a two-headed ogre
 15601 | Orc:2    | Noticed a two-headed ogre
 15601 | Orc:2    | Noticed an ogre mage
 15601 | Orc:2    | Noticed a two-headed ogre
 15601 | Orc:2    | Noticed a two-headed ogre
 15601 | Orc:2    | Noticed a two-headed ogre
 15738 | Orc:2    | Killed a two-headed ogre
 15847 | Orc:2    | Killed a two-headed ogre
 15947 | Orc:2    | Noticed an ogre mage
 15947 | Orc:2    | Paralysed by an ogre mage for 2 turns
 15951 | Orc:2    | Killed an ogre mage
 15952 | Orc:2    | Reached skill level 10 in Translocations
 16015 | Orc:2    | Noticed a two-headed ogre
 16019 | Orc:2    | Killed a two-headed ogre
 16166 | Orc:2    | Reached XP level 13. HP: 96/96 MP: 3/25
 16325 | Orc:2    | Reached ****** piety under Cheibriados
 16971 | Orc:2    | Reached skill level 14 in Long Blades
 17416 | Orc:2    | Found Rilagg's Assorted Antiques.
 17416 | Orc:2    | Found Pavat's Antique Weapon Shop.
 17417 | Orc:2    | Found Tugu's Distillery.
 17417 | Orc:2    | Found Waabeykk's General Store.
 17428 | Orc:2    | Bought a scroll of blinking for 97 gold pieces
 17459 | Orc:2    | Reached skill level 5 in Evocations
 17640 | Orc:2    | Found a bloodstained altar of Trog.
 17653 | Orc:2    | Found a staircase to the Elven Halls.
 17666 | Orc:2    | Found Qoyren's Book Emporium.
 17762 | Orc:2    | Found Waabeykk's General Store.
 17762 | Orc:2    | Found Tugu's Distillery.
 17763 | Orc:2    | Found Pavat's Antique Weapon Shop.
 17763 | Orc:2    | Found Rilagg's Assorted Antiques.
 18228 | Lair:1   | Entered Level 1 of the Lair of Beasts
 19005 | Lair:1   | Reached XP level 14. HP: 105/105 MP: 6/27
 19006 | Lair:1   | Acquired an experimental matrix {rElec rPois rCorr Clar
                  | RMsl}
 20025 | Lair:2   | Identified the +8 dagger "Hoobbyto" {drain, Dex+2}
 20441 | Lair:2   | Found a staircase to the Swamp.
 20523 | Lair:2   | Found a hole to the Spider Nest.
 21550 | Lair:3   | Reached skill level 1 in Armour
 23019 | Lair:4   | Identified the +0 chain mail of Brilliance {*Slow +Inv
                  | rPois Int+2}
 23243 | Lair:4   | Reached skill level 10 in Spellcasting
 23587 | Lair:5   | Entered Level 5 of the Lair of Beasts
 23594 | Lair:5   | Reached skill level 15 in Long Blades
 23780 | Lair:5   | Identified the +7 short sword of Abomination {freeze,
                  | *Noise rC+++ Will- Dex+2}
 24147 | Lair:5   | Found a staircase to the Slime Pits.
 24721 | Lair:5   | Noticed a dire elephant
 24721 | Lair:5   | Noticed a dire elephant
 24730 | Lair:5   | Killed a dire elephant
 24731 | Lair:5   | Noticed a dire elephant
 24731 | Lair:5   | Noticed a dire elephant
 25191 | Lair:5   | Noticed a dire elephant
 25196 | Lair:5   | Killed a dire elephant
 25439 | Lair:5   | Reached XP level 15. HP: 112/112 MP: 24/29
 26437 | D:12     | Identified the amulet of Ignis's Generosity {rElec RegenMP+
                  | Str+7 Dex-3}
 26558 | D:12     | Noticed Sonja
 26559 | D:12     | Killed Sonja
 27487 | D:13     | Noticed Kirke
 27493 | D:13     | Killed Kirke
 27630 | D:13     | Found Ykuhaur's Jewellery Boutique.
 27877 | D:13     | Noticed Rupert
 27889 | D:13     | Killed Rupert
 28284 | D:13     | Found a runed translucent door.
 29155 | D:14     | Noticed Roxanne
 29305 | D:14     | Killed Roxanne
 29549 | D:14     | Identified the +0 ring mail "Amomewac" {Str+2}
 29814 | D:14     | Found a gate to the Vaults.
 29984 | D:14     | Noticed Snorg
 30063 | D:14     | Killed Snorg
 30069 | D:14     | Reached XP level 16. HP: 104/122 MP: 12/31
 30241 | D:15     | Entered Level 15 of the Dungeon
 30286 | D:15     | Found an ancient bone altar of Kikubaaqudgha.
 30299 | D:15     | Reached skill level 16 in Long Blades
 30317 | D:15     | Found a gate leading to a gauntlet.
 30326 | Gauntlet | Entered a Gauntlet
 30326 | Gauntlet | Found a transporter.
 30326 | Gauntlet | Found a transporter.
 30330 | Gauntlet | Found a transporter.
 30330 | Gauntlet | Found a transporter.
 30332 | Gauntlet | Found a large runed translucent door.
 30333 | Gauntlet | Found a large runed translucent door.
 30334 | Gauntlet | Found a large runed translucent door.
 30334 | Gauntlet | Found a large runed translucent door.
 30334 | Gauntlet | Found a runed translucent door.
 30335 | Gauntlet | Found a large runed translucent door.
 30342 | Gauntlet | Found a transporter.
 30347 | Gauntlet | Found a large runed translucent door.
 30348 | Gauntlet | Found a large runed translucent door.
 30349 | Gauntlet | Found a large runed translucent door.
 30350 | Gauntlet | Found a runed translucent gate.
 30352 | Gauntlet | Found a transporter.
 30362 | Gauntlet | Found a transporter.
 30362 | Gauntlet | Found a transporter.
 30386 | Gauntlet | Found a transporter.
 30388 | Gauntlet | Found a runed translucent gate.
 30388 | Gauntlet | Found a runed translucent gate.
 30390 | Gauntlet | Found a large runed translucent door.
 30391 | Gauntlet | Found a large runed translucent door.
 30395 | Gauntlet | Found a transporter.
 30413 | Gauntlet | Found a transporter.
 30426 | Gauntlet | Found a runed translucent door.
 30435 | Gauntlet | Found a large runed translucent door.
 30435 | Gauntlet | Found a large runed translucent door.
 30435 | Gauntlet | Found a large runed translucent door.
 30435 | Gauntlet | Found a large runed translucent door.
 30436 | Gauntlet | Found a large runed translucent door.
 30437 | Gauntlet | Found a large runed translucent door.
 30439 | Gauntlet | Found a transporter.
 30480 | Gauntlet | Found a transporter.
 30494 | Gauntlet | Found a transporter.
 30601 | Gauntlet | Found a transporter.
 30618 | Gauntlet | Found a transporter.
 30899 | Gauntlet | Reached skill level 10 in Fighting
 31268 | D:15     | Found a staircase to the Depths.
 31594 | D:15     | Found a runed translucent gate.
 31594 | D:15     | Found a runed translucent gate.
 31594 | D:15     | Found a runed translucent gate.
 31618 | D:15     | Noticed rotlqkf's ghost (journeyman TrBe)
 32158 | Swamp:1  | Entered Level 1 of the Swamp
 32867 | Swamp:1  | Identified the amulet "Daineres" {Acrobat Will+}
 33615 | Swamp:2  | Noticed a thorn hunter
 33619 | Swamp:2  | Killed a thorn hunter
 33972 | Swamp:2  | Reached skill level 5 in Armour
 34578 | Swamp:3  | Noticed Bai Suzhen
 34590 | Swamp:3  | Killed Bai Suzhen
 34945 | Swamp:3  | Reached XP level 17. HP: 131/131 MP: 7/32
 35130 | Swamp:3  | Reached skill level 10 in Dodging
 35743 | Swamp:3  | Noticed Nikola
 35753 | Swamp:3  | Killed Nikola
 36088 | Swamp:4  | Entered Level 4 of the Swamp
 36393 | Abyss:2  | Found a sacrificial altar of Ru.
 36393 | Abyss:2  | Cast into level 2 of the Abyss (an occultist)
 36657 | Abyss:2  | Learned a level 3 spell: Passwall
 37252 | Abyss:2  | Reached skill level 17 in Long Blades
 37603 | Swamp:4  | Escaped the Abyss
 39638 | Swamp:4  | Reached XP level 18. HP: 140/140 MP: 17/34
 39836 | Swamp:4  | Got a decaying rune of Zot
 40685 | Spider:1 | Entered Level 1 of the Spider Nest
 41693 | Spider:2 | Learned a level 4 spell: Passage of Golubria
 41696 | Spider:2 | Learned a level 2 spell: Sublimation of Blood
 42098 | Spider:2 | Reached skill level 1 in Necromancy
 43086 | Spider:3 | Got the Secrets of Carrion and the Birds
 43601 | Spider:4 | Entered Level 4 of the Spider Nest
 44015 | Spider:4 | Noticed Louise
 44030 | Spider:4 | Killed Louise
 44160 | Spider:4 | Noticed Mlioglotl
 44165 | Spider:4 | Killed Mlioglotl
 44293 | Spider:4 | Reached XP level 19. HP: 149/149 MP: 15/36
 44487 | Spider:4 | Noticed Arachne
 44494 | Spider:4 | Killed Arachne
 44537 | Spider:4 | Reached skill level 18 in Long Blades
 44900 | Spider:4 | Got a gossamer rune of Zot
 44905 | Spider:4 | Identified the +0 pair of boots of Mibuor {rC- Will+ Str+3
                  | Stlth+}
 45335 | Elf:1    | Entered Level 1 of the Elven Halls
 46159 | Elf:1    | Reached skill level 5 in Necromancy
 46427 | Elf:2    | Found Wexax's Antique Armour Shoppe.
 46435 | Elf:2    | Bought a brightly glowing robe for 205 gold pieces
 46435 | Elf:2    | Identified the +0 robe of Kanenym {rC+ Str+2} (You bought
                  | it in a shop on level 2 of the Elven Halls)
 46435 | Elf:2    | Bought an embroidered robe for 133 gold pieces
 46459 | Elf:2    | Paralysed by an air elemental for 1 turns
 46505 | Elf:2    | Found a portal to a secret trove of treasure.
 46538 | Elf:2    | Found a runed translucent gate.
 46539 | Elf:2    | Found a runed translucent gate.
 46539 | Elf:2    | Found a runed translucent gate.
 46860 | Elf:2    | Paralysed by an air elemental for 1 turns
 47361 | Elf:2    | Reached XP level 20. HP: 158/158 MP: 5/37
 47472 | Elf:3    | Entered Level 3 of the Elven Halls
 47498 | Elf:3    | Found Icach's Antique Weapon Emporium.
 47503 | Elf:3    | Bought a glowing demon whip for 540 gold pieces
 47564 | Elf:2    | You paid a toll of a +5 demon whip to enter a treasure
                  | trove
 47565 | Trove    | Entered a treasure trove
 47581 | Trove    | Identified the +5 kite shield of Veqaz {rF+}
 47739 | Elf:3    | HP: 3/159 [something (16)]
 47924 | Elf:3    | Reached skill level 10 in Evocations
 48494 | Elf:3    | Identified the +0 falchion of the Rat {drain, ^Contam Str+3
                  | Stlth+}
 48719 | Elf:3    | Got Dabbling in Mystical Understanding
 48823 | Elf:3    | Identified the +0 ring mail "Umit" {rC+ Dex+3}
 48937 | Elf:3    | Got Baplec's Almanac of Anthracomancy and Unholy Rituals
 48986 | Elf:3    | Got Sif Muna's Lessons on Pyromancy
 49238 | Elf:3    | Found Noylyen's General Store.
 49245 | Elf:3    | Bought the +8 scimitar of Analysis {pain, *Rage rPois
                  | Int+9} for 1014 gold pieces
 49706 | Elf:3    | Bought a potion of ambrosia for 104 gold pieces
 49706 | Elf:3    | Bought a scroll of revelation for 97 gold pieces
 49936 | Vaults:1 | Entered Level 1 of the Vaults
 50315 | Vaults:1 | Reached skill level 15 in Translocations
 50454 | Vaults:1 | Found a transporter.
 50606 | Vaults:1 | Reached skill level 19 in Long Blades
 50752 | Vaults:1 | Reached XP level 21. HP: 166/166 MP: 27/39
 51456 | Vaults:2 | Reached skill level 15 in Fighting
 52363 | Vaults:2 | Identified the +7 scimitar "Qocho" {freeze, rC+ Int-2 SInv
                  | Stlth+}
 52521 | Vaults:3 | Found a staircase to the Crypt.
 52774 | Vaults:3 | Found Sidear's Book Shop.
 52911 | Vaults:3 | Noticed Norris
 52926 | Vaults:3 | Killed Norris
 53305 | Vaults:4 | Noticed Xtahua
 53308 | Vaults:4 | Paralysed by Xtahua for 5 turns
 53318 | Vaults:4 | Killed Xtahua
 53664 | Vaults:4 | Reached XP level 22. HP: 176/176 MP: 27/40
 53790 | Vaults:4 | Reached skill level 15 in Spellcasting
 54314 | Vaults:4 | Learned a level 3 spell: Fugue of the Fallen
 54614 | Depths:1 | Entered Level 1 of the Depths
 54614 | Depths:1 | Found a flickering gateway to a bazaar.
 54624 | Bazaar   | Entered a bazaar
 54638 | Bazaar   | Found Zewiacut's General Store.
 54703 | Bazaar   | Found Qit Doy's Book Boutique.
 54719 | Bazaar   | Found Poetilid's Antique Weapon Emporium.
 54939 | Depths:1 | Identified the +4 rapier of Recklessness {freeze, rPois
                  | Str+7}
 55063 | Depths:1 | Found Ynot Guet's Assorted Antiques.
 55080 | Depths:1 | Bought a golden potion for 27 gold pieces
 55080 | Depths:1 | Bought a potion of heal wounds for 150 gold pieces
 55080 | Depths:1 | Bought a scroll of revelation for 225 gold pieces
 55080 | Depths:1 | Bought a scroll of blinking for 225 gold pieces
 55080 | Depths:1 | Bought a potion of curing for 90 gold pieces
 55182 | Depths:1 | You are sucked into a shaft and drop 1 floor!
 55182 | Depths:2 | Found a one-way gate leading to the halls of Pandemonium.
 55186 | Depths:2 | Reached skill level 10 in Necromancy
 55493 | Depths:1 | Noticed Mara
 55498 | Depths:1 | Killed Mara
 55499 | Depths:1 | Reached skill level 20 in Long Blades
 55503 | Depths:1 | Noticed a caustic shrike
 55507 | Depths:1 | Killed a caustic shrike
 55649 | Depths:1 | Identified the +0 hat "Zari" {+Blink Dex+3 SInv}
 56047 | Depths:1 | Found a gateway to Hell.
 56327 | Depths:1 | Identified the +6 shortbow of Wivonuts {elec, rElec rPois
                  | MP-9 Dex+5}
 56374 | Depths:2 | Found a one-way gateway to a ziggurat.
 56423 | Depths:2 | Noticed a caustic shrike
 56428 | Depths:2 | Killed a caustic shrike
 56439 | Depths:2 | Reached XP level 23. HP: 104/185 MP: 22/42
 56738 | Depths:2 | Noticed a juggernaut
 56745 | Depths:2 | Killed a juggernaut
 56764 | Depths:2 | Reached skill level 15 in Dodging
 56767 | Depths:2 | Identified the +1 robe of the Kitsune {-Tele Rampage Will-
                  | Int+7}
 56774 | Depths:2 | Identified the +2 pair of gloves of the Desolation of Salt
                  | {rF+ rCorr}
 57046 | Depths:2 | Noticed a golden dragon
 57052 | Depths:2 | Killed a golden dragon
 57205 | Depths:2 | Found a one-way gate to the infinite horrors of the Abyss.
 57752 | Depths:2 | Got Sif Muna's Almanac of Exhumation
 57788 | Depths:2 | Found a broken altar of Ashenzari.
 58309 | Depths:3 | Reached XP level 24. HP: 195/195 MP: 28/43
 58388 | Depths:3 | Reached skill level 21 in Long Blades
 58570 | Depths:3 | Found Fergh's Pet Rocks.
 58694 | Depths:3 | Noticed a juggernaut
 58704 | Depths:3 | Found a transporter.
 58705 | Depths:3 | Found a bloodstained altar of Trog.
 58705 | Depths:3 | Noticed Vyimam's ghost (adept TrGl)
 58712 | Depths:3 | Found a transporter.
 58797 | Depths:4 | Entered Level 4 of the Depths
 59705 | Depths:4 | Found a gate to the Realm of Zot.
 60225 | Crypt:1  | Entered Level 1 of the Crypt
 60359 | Crypt:1  | Found a basalt altar of Yredelemnul.
 60885 | Crypt:2  | Identified a scroll of acquirement
 60966 | Crypt:2  | Acquired a +7 double sword of electrocution
 61420 | Crypt:3  | Entered Level 3 of the Crypt
 61757 | Crypt:3  | Reached XP level 25. HP: 135/204 MP: 1/44
 61984 | Crypt:3  | Identified the ring of Ynaynang {Ice *Corrode Int+5}
 62108 | Crypt:3  | Found an ancient bone altar of Kikubaaqudgha.
 62112 | Crypt:3  | Found a basalt altar of Yredelemnul.
 62165 | Crypt:3  | Got Asagud's Handbook of Corpses
 62166 | Crypt:3  | Identified the +1 plate armour of Failure {rN+ Dex+6}
 62331 | Crypt:3  | Found a staircase to the Tomb.
 62872 | Hell     | Entered the Vestibule of Hell
 62875 | Hell     | Noticed Geryon
 63106 | Hell     | Killed Geryon
 63107 | Hell     | Reached skill level 22 in Long Blades
 63565 | Slime:1  | Entered Level 1 of the Pits of Slime
 63865 | Slime:5  | Entered Level 5 of the Pits of Slime
 64027 | Slime:5  | Found a viscous altar of Jiyva.
 64163 | Slime:5  | Noticed the Royal Jelly
 64172 | Slime:5  | Gained mutation: Your natural rate of healing is unusually
                  | fast. [a shining eye]
 64180 | Slime:5  | Killed the Royal Jelly
 64330 | Slime:5  | Got the Dissertation on Hypothermic Ceraunoscopy
 64375 | Slime:5  | Acquired a +1 vampiric demon blade
 64382 | Slime:5  | Identified the +3 spear "Naroah" {flame, Dex+5}
 64453 | Slime:5  | Identified the +8 broad axe of Raum Ruqa {heavy, rPois rF+
                  | rC+++ Dex-4}
 64454 | Slime:5  | Identified the +1 scale mail "Hijurph" {Int+3}
 64498 | Slime:5  | Got a slimy rune of Zot
 65394 | Vaults:5 | Entered Level 5 of the Vaults
 65506 | Vaults:5 | Identified the ring of Ceurael {rPois Int+4 SInv}
 65580 | Vaults:5 | Reached XP level 26. HP: 215/215 MP: 32/44
 65810 | Vaults:5 | Noticed a dread lich
 65813 | Vaults:5 | Killed a dread lich
 65864 | Vaults:5 | Noticed an ancient lich
 65876 | Vaults:5 | Killed an ancient lich
 65912 | Vaults:5 | Noticed an ancient lich
 65917 | Vaults:5 | Killed an ancient lich
 65919 | Vaults:5 | Identified the ring of Amorality {Fire Will- Int+4 Slay+5}
 66068 | Vaults:5 | Reached skill level 23 in Long Blades
 66502 | Vaults:5 | Found Axiolas's Distillery.
 66514 | Vaults:5 | Bought a potion of curing for 45 gold pieces
 66514 | Vaults:5 | Bought a potion of magic for 120 gold pieces
 66514 | Vaults:5 | Bought a potion of invisibility for 120 gold pieces
 66514 | Vaults:5 | Bought a potion of mutation for 120 gold pieces
 66542 | Vaults:5 | Found Vipnup's Jewellery Boutique.
 66683 | Vaults:5 | Got a silver rune of Zot
 66685 | Vaults:5 | Got Jaiph's Anthology of the Comburant Union
 67270 | D:3      | Killed Dega's ghost
 67410 | D:5      | Killed Crazy Yiuf
 67653 | D:15     | Killed rotlqkf's ghost
 67810 | Vaults:1 | Found a transporter.
 67810 | Vaults:1 | Found a runed translucent door.
 67810 | Vaults:1 | Found a bloodstained altar of Trog.
 67810 | Vaults:1 | Found the necklace of Bloodlust {Fury *Rage Will++ Int-3
                  | Slay+6}
 67858 | Vaults:1 | Reached XP level 27. HP: 224/224 MP: 42/45
 67872 | Vaults:1 | Identified the +7 plate armour "Uqelot" {*Slow rC+ Str+5
                  | Int+3}
 68243 | D:4      | Bought a manual of Invocations for 880 gold pieces
 68359 | D:1      | Bought a shiny ring mail for 147 gold pieces
 68359 | D:1      | Bought a spiked chain mail for 199 gold pieces
 68359 | D:1      | Identified the +3 chain mail of the Present {+Blink rElec
                  | Str+2 Int-2} (You bought it in a shop on level 1 of the
                  | Dungeon)
 68359 | D:1      | Bought a helmet for 94 gold pieces
 68359 | D:1      | Bought a glowing leather armour for 105 gold pieces
 68372 | D:1      | Learned a level 8 spell: Disjunction
 68768 | Zig:1    | Entered Level 1 of a ziggurat
 68784 | Zig:2    | Entered Level 2 of a ziggurat
 68849 | Zig:3    | Entered Level 3 of a ziggurat
 68863 | Zig:3    | Identified the +9 mace of Fortitude {speed, ^Drain Fly
                  | rPois rF-}
 68873 | Zig:4    | Entered Level 4 of a ziggurat
 68879 | Zig:4    | Reached skill level 1 in Invocations
 69032 | Zig:4    | Found the ring of the Mage {Wiz Archmagi}
 69045 | Zig:5    | Entered Level 5 of a ziggurat
 69050 | Zig:5    | Noticed an ancient lich
 69054 | Zig:5    | Killed an ancient lich
 69072 | Zig:6    | Entered Level 6 of a ziggurat
 69142 | Zig:7    | Entered Level 7 of a ziggurat
 69167 | Zig:7    | Identified the +5 dagger "Daesizem" {freeze, rElec rPois
                  | Str+3}
 69172 | Zig:7    | Identified the +9 falchion of Ynyroj {venom, rElec}
 69191 | Zig:8    | Entered Level 8 of a ziggurat
 69248 | Zig:9    | Entered Level 9 of a ziggurat
 69255 | Zig:9    | Found the +13 scythe of Curses {drain, curses, ^Drain}
 69432 | Zig:9    | Identified the +0 arbalest "Soez" {antimagic, rCorr Str+3}
 69435 | Zig:9    | Identified the +1 pair of gloves of Dithmenos {+Inv Regen+
                  | Str+4}
 69458 | Zig:10   | Entered Level 10 of a ziggurat
 69475 | Zig:10   | Reached skill level 1 in Shapeshifting
 69510 | Zig:10   | Identified the +6 quarterstaff of the Pure Knives {flame,
                  | rC- rCorr MP-9 Int+6 Dex+3}
 69512 | Zig:10   | Identified the +8 quarterstaff "Ugiariaku" {chaos, *Noise
                  | rElec Dex+9 SInv}
 69518 | Zig:11   | Entered Level 11 of a ziggurat
 69556 | Zig:11   | Identified the +4 whip "Ysunud" {freeze, rElec rC- rN+}
 69582 | Zig:12   | Entered Level 12 of a ziggurat
 69590 | Zig:12   | Gained mutation: Your skin changes colour to match your
                  | surroundings (Stealth+). [a shining eye]
 69597 | Zig:12   | Reached skill level 5 in Invocations
 69625 | Zig:12   | Identified the staff of the Flying Boar {rC+ Dex+3 Stlth+
                  | Earth}
 69626 | Zig:12   | Identified the +4 whip of Peace {venom, ^Fragile Str+4
                  | Int+3}
 69733 | Zig:13   | Entered Level 13 of a ziggurat
 69745 | Zig:13   | Noticed Reniqatt the pandemonium lord
 69756 | Zig:13   | Reached skill level 24 in Long Blades
 69756 | Zig:13   | Killed Reniqatt the pandemonium lord
 69844 | Zig:13   | Got Sif Muna's Opusculum on the Fairies
 69848 | Zig:13   | Identified the +3 rapier "Dorem" {antimagic, *Rage ^Drain
                  | rF+++ SInv}
 69852 | Zig:13   | Identified the +10 hand axe of the Beginning {heavy, ^Drain
                  | Will- rCorr Dex+9}
 69854 | Zig:13   | Identified the +0 hand axe "Saugim" {drain, ^Drain rElec
                  | rCorr}
 69873 | Zig:14   | Entered Level 14 of a ziggurat
 69908 | Zig:14   | Found the +11 plutonium sword {^Contam Stlth-}
 69923 | Zig:14   | Got the Octavo of Conjuring
 69990 | Zig:14   | Reached skill level 5 in Shapeshifting
 69995 | Zig:15   | Entered Level 15 of a ziggurat
 70047 | Zig:15   | Identified the staff of Hacking and Slashing {Int+3 Dex+3
                  | Conj}
 70050 | Zig:15   | Identified the staff of Byxyrusuat {rPois rN+ Dex+4 Stlth-
                  | Conj Alchemy}
 70054 | Zig:15   | Identified the staff of Ash {^Fragile rPois rC- Necro Air
                  | Alchemy}
 70141 | Zig:16   | Entered Level 16 of a ziggurat
 70220 | Zig:16   | Identified the +1 pair of gloves of Nyanoac {Int+3}
 70373 | Zot:1    | Entered Level 1 of the Realm of Zot
 70999 | Zot:1    | Reached skill level 25 in Long Blades
 71155 | Zot:1    | You are sucked into a shaft and drop 1 floor!
 72082 | Zot:3    | Noticed an orb of fire
 72084 | Zot:3    | Gained mutation: You are dopey. (Int -2) [an orb of fire]
 72088 | Zot:3    | Killed an orb of fire
 73043 | Zot:4    | Reached skill level 1 in Stealth
 73284 | Zot:4    | Found Fauzoc's CLEARANCE SALE!.
 73292 | Zot:4    | Bought a potion of mutation for 16 gold pieces
 73292 | Zot:4    | Bought a potion of curing for 6 gold pieces
 73303 | Zot:4    | Reached skill level 10 in Invocations
 73723 | Zot:5    | Entered Level 5 of the Realm of Zot
 74030 | Zot:5    | Noticed a dread lich
 74037 | Zot:5    | Killed a dread lich
 74129 | Zot:5    | Noticed a dread lich
 74134 | Zot:5    | Killed a dread lich
 74168 | Zot:5    | Noticed a dread lich
 74172 | Zot:5    | Killed a dread lich
 74172 | Zot:5    | Noticed a dread lich
 74174 | Zot:5    | Noticed an orb of fire
 74177 | Zot:5    | Killed a dread lich
 74182 | Zot:5    | Killed an orb of fire
 74374 | Zot:5    | Noticed an orb of fire
 74381 | Zot:5    | Killed an orb of fire
 74472 | Zot:5    | Reached skill level 10 in Shapeshifting
 74558 | Zot:5    | Noticed an orb of fire
 74561 | Zot:5    | Killed an orb of fire
 74564 | Zot:5    | Noticed a dread lich
 74571 | Zot:5    | Killed a dread lich
 74571 | Zot:5    | Noticed a dread lich
 74572 | Zot:5    | Noticed an orb of fire
 74573 | Zot:5    | Gained mutation: Your health recovers twice as slowly from
                  | being drained. [an orb of fire]
 74574 | Zot:5    | Killed a dread lich
 74575 | Zot:5    | Noticed an ancient lich
 74579 | Zot:5    | Gained mutation: You occasionally shout uncontrollably at
                  | your foes. [an orb of fire]
 74582 | Zot:5    | Killed an orb of fire
 74582 | Zot:5    | Killed an ancient lich
 75275 | Tomb:1   | Entered Level 1 of the Tomb of the Ancients
 75758 | Zot:5    | Got the Orb of Zot
 75790 | Zot:5    | Noticed Losoucas the pandemonium lord
 75793 | Zot:5    | Killed Losoucas the pandemonium lord
 75940 | Depths:3 | Reached skill level 26 in Long Blades
 75954 | Depths:2 | Noticed Anev the pandemonium lord
 75957 | Depths:2 | Killed Anev the pandemonium lord
 76003 | D:15     | Noticed Komulacw the pandemonium lord
 76009 | D:15     | Killed Komulacw the pandemonium lord
 76033 | D:15     | Noticed Hifaduh the pandemonium lord
 76038 | D:15     | Killed Hifaduh the pandemonium lord
 76380 | D:$      | Escaped with the Orb!

Illustrated notes

Levels and vault maps discovered:
D:1:      ebering_trefoil_3fold, layout_loops_ring, serial_shops,
          nicolae_shop_tiny_glass, serial_park_tiny_2, minmay_distorted
D:2:      layout_basic, basic_altar
D:3:      layout_basic, okawaru_altar_gauntlet_db,
          gammafunk_ghost_nasty_kobolds, minivault_27
D:4:      layout_layer_cave, nicolae_shop_self_help
D:5:      layout_basic, nicolae_shop_i_like_big_books, uniq_edmund,
          uniq_crazy_yiuf_cottage
D:6:      layout_rooms, temple_statues, serial_shops, nicolae_shop_tiny_glass,
          solitary_fountain, uniq_maggie
D:7:      layout_basic, zin_treasury, nicolae_ossuary_entry_monument
D:8:      layout_basic, uniq_erica
D:9:      layout_irregular_city
D:10:     layout_irregular_city, nicolae_tso_carved_into_rock, lair_entry_dummy,
          nicolae_island_escapes
D:11:     layout_irregular_city, orc_0_dummy, serial_column_ruins,
          column_ruins_temple_hall, column_ruins_columns_straight,
          column_ruins_grid_2, column_ruins_columns_corner, column_ruins_grid_1,
          column_ruins_open_small
D:12:     layout_gridville, minmay_the_grid_square_5x5_3x3_mashed
          [minmay_the_grid_square_5x5_empty,
          minmay_the_grid_square_5x5_two_small, minmay_the_grid_square_5x5_c,
          minmay_the_grid_square_5x5_seven,
          minmay_the_grid_square_5x5_megaprize_diamond,
          minmay_the_grid_square_5x5_eight_small,
          minmay_the_grid_square_5x5_two, minmay_the_grid_square_5x5_plus,
          minmay_the_grid_square_5x5_detours], uniq_sonja
D:13:     layout_long_grid, serial_shops, shop, drop_trap, roderic_batcave,
          minmay_crystal_box, uniq_rupert, uniq_kirke
D:14:     layout_roguey, hellmonk_vaults_order_and_chaos, eino_curves_02,
          uniq_snorg, uniq_roxanne
D:15:     hangedman_depths_entry_try_elsewhere_first, layout_basic,
          maelrawn_ghost_gauntlet_escape, gauntlet_entry_generic,
          kiku_gazebo_pond_becter
Temple:   hellmonk_temple_divided_pantheon
Lair:1:   layout_regular_city
Lair:2:   layout_gridlike, skrybe_swamp_entry_bodies,
          hellmonk_spider_entry_not_the_bees, minmay_lair_oklob_bushes,
          lemuel_another_geyser, grunt_megastairs_4
Lair:3:   layout_layer_cave, minmay_holes, grunt_megastairs_5
Lair:4:   layout_concentric_octagons
Lair:5:   due_jungle_book, layout_gridlike, minmay_slime_entry_pillars
Swamp:1:  layout_basic_swamp, nicolae_swamp_tree_designs, swamp_pool_1_2,
          beargit_elvish_explorers
Swamp:2:  layout_basic_swamp, evilmike_swamp_ruin_house_6
Swamp:3:  layout_basic_swamp, nicolae_swamp_feature_on_the_river_bank,
          nicolae_swamp_tree_isthmus, uniq_nikola, uniq_bai_suzhen
Swamp:4:  nzn_swamp_witches_coven, layout_basic_swamp, swamp_pool_1_2,
          hangedman_swamp_blocks, infiniplex_staircase_pool
Spider:1: layout_spider_delve
Spider:2: layout_spider_delve
Spider:3: layout_spider_delve
Spider:4: grunt_spider_rune_island, uniq_arachne, uniq_mlioglotl, uniq_louise
Slime:1:  cheibrodos_slime_lost_civilization_9, layout_caves
Slime:2:  layout_caves, nicolae_slime_rock_hall_of_fame
Slime:3:  layout_caves
Slime:4:  nicolae_slime_jelly_donut, layout_caves,
          cheibrodos_slime_lost_civilization_4
Slime:5:  slime_pit_nicolae_amoeboid
Orc:1:    layout_caves, lightli_church_of_beogh, uniq_josephine, uniq_harold
Orc:2:    st_orc_ogre_mass, layout_caves, serial_shops,
          nicolae_book_shop_shelving, basic_altar
Elf:1:    eino_elf_arrival_customs, layout_gridlike,
          nicolae_elf_shapeshifter_party, glass_columns_c
Elf:2:    nicolae_elf_blades_crystal_corner, layout_geoelf_diagonals,
          enter_trove_0, serial_shops, shop, grunt_ministairs_15
Elf:3:    grunt_elf_hall_branching, layout_loops_corners, serial_shops,
          nicolae_shop_hallway_plus, nicolae_shop_stone
Vaults:1: vaults_mumra_hex, emtedronai_trogs_sanctum, v_rooms_6,
          nicolae_vaults_closet_pinwheel_6, nicolae_vaults_tangram_2,
          hangedman_vaults_impose, nicolae_vaults_cornered_office,
          grunt_vaults_diagonal, ontoclasm_vaults_ring_large,
          nicolae_vaults_rhombus_5, nicolae_vaults_tetromino_T_2,
          ontoclasm_vaults_decontamination, layout_vaults_omnibox
Vaults:2: nicolae_vaults_more_shelving_1, nicolae_vaults_surprise_closet,
          grunt_vaults_swirl, hangedman_vaults_slice, v_misc_12,
          nicolae_vaults_sealed_display, vaults_room_fancy_cross,
          layout_vaults_quadrants
Vaults:3: minmay_crypt_entry_simple_statues,
          nicolae_vaults_offset_grid_hallway_4, vaults_room_stairs_pillars,
          v_misc_3, v_misc_22, vaults_dpeg_encased_lava,
          layout_vaults_omnicross, serial_shops, shop, uniq_norris
Vaults:4: nicolae_vaults_alarming, kb_rosetta, vaults_dpeg_hooks,
          nicolae_vaults_stairing_the_circle, hangedman_vaults_stream,
          serial_library_hellmonk_big_corner, v_alt_pattern_2,
          hangedman_vaults_nails, layout_vaults_ring, uniq_xtahua
Vaults:5
Crypt:1:  layout_rooms, basic_altar
Crypt:2:  layout_misc_corridors
Crypt:3:  lightli_unholy_cathedral, layout_chaotic_city, grunt_megastairs_1
Tomb:1:   uniq_mennas
Depths:1: layout_basic, serial_shops, freezing_bzr, shop, grunt_mini_vestibule,
          drop_trap, serial_library_hellmonk_open_square, nicolae_eternal_life,
          grunt_decor_clamped, minmay_multi_spiral, uniq_mara
Depths:2: angbandy_vault, layout_cave_shapes, enter_ziggurat_f, abyss_entry,
          special_room [special_room_morgue], grunt_pan_entry_sceptre,
          pf_vacation_house_of_asmodeus, nicolae_ashenzari_skybound
Depths:3: minmay_polygon_palace, layout_cave_pools, minmay_room_of_horrors,
          hell_entry, minmay_tree_intersection,
          gammafunk_ghost_wrathful_warriors, guppyfry_shop_earth
Depths:4: evilmike_zot_entry_diamond, layout_basic, hell_entry,
          minmay_misc_feat_nine_boxes
Hell
Zot:1:    layout_twisted_circle, drop_trap
Zot:2:    layout_gridlike
Zot:3:    cheibrodos_frozen_isle, layout_concentric_octagons
Zot:4:    layout_gridlike, regret_index_zotdec_silver_v_v_orig_slice,
          nicolae_shop_clearance
Zot:5:    layout_gridlike

Skill      XL: |  1  2  3  4  5  6  7  8  9 10 11 12 13 14 15 16 17 18 19 20 21 22 23 24 25 26 27 |
---------------+----------------------------------------------------------------------------------+-----
Long Blades    | 3 4 6 7 9 10 11 12 13 14 15 16 17 18 19 20 21 22 23 26 | 26.0
Spellcasting   | 2 4 5 7 8 9 10 11 12 13 14 15 16 17 18 21 | 21.2
Dodging        | 2 3 4 5 6 7 8 9 11 12 13 14 15 16 17 18 23 | 23.0
Translocations | 5 7 8 10 11 12 13 14 15 16 17 18 | 18.8
Fighting       | 3 5 6 7 8 9 11 12 13 14 15 16 17 18 19 20 24 | 24.8
Evocations     | 3 5 7 8 9 10 11 12 | 12.0
Armour         | 2 4 5 6 7 8 9 |  9.0
Necromancy     | 3 6 7 9 10 11 | 11.0
Invocations    | 11 | 11.4
Shapeshifting  | 10 | 10.6
Stealth        | 4 |  4.5
Throwing       | |  0.8

Action                     |  1- 3 |  4- 6 |  7- 9 | 10-12 | 13-15 | 16-18 | 19-21 | 22-24 | 25-27 || total
---------------------------+-------+-------+-------+-------+-------+-------+-------+-------+-------++-------
  Melee: Falchion          |   101 |    69 |   156 |       |       |       |       |       |       ||   326
         Dagger            |    99 |    61 |    62 |       |       |       |       |       |       ||   222
         Long sword        |       |       |   108 |       |       |       |       |       |       ||   108
         Scimitar          |       |       |   139 |   594 |  1334 |  2007 |  1984 |  2172 |   376 ||  8606
         Double sword      |       |       |       |       |       |       |       |   106 |  2105 ||  2211
         Demon blade       |       |       |       |       |       |       |       |       |  1654 ||  1654
  Throw: Dart              |       |     4 |    13 |       |     1 |       |       |       |       ||    18
         Throwing net      |       |       |       |     1 |       |       |       |       |       ||     1
   Cast: Lesser Beckoning  |       |       |     4 |     3 |     3 |     6 |       |       |       ||    16
         Manifold Assault  |       |       |    36 |   204 |   437 |   629 |   695 |   847 |  1195 ||  4043
         Blink             |       |       |       |     2 |       |     1 |     2 |       |     2 ||     7
         Passwall          |       |       |       |       |       |     3 |       |       |       ||     3
         Sublimation of Bl |       |       |       |       |       |   133 |   227 |   282 |   407 ||  1049
Ability: Invent Gizmo      |       |       |       |       |     1 |       |       |       |       ||     1
  Evoke: Wand              |       |       |     4 |     1 |     4 |     5 |     1 |     1 |       ||    16
         Tin of tremorston |       |       |       |       |     2 |     2 |       |       |     2 ||     6
         Box of beasts     |       |       |       |       |       |     3 |       |       |       ||     3
         Phial of floods   |       |       |       |       |       |     2 |       |       |       ||     2
    Use: Scroll            |     6 |     6 |     7 |    10 |     4 |    11 |     9 |     4 |    14 ||    71
         Potion            |       |     2 |     6 |     1 |     2 |     3 |     1 |       |    10 ||    25
   Stab: Sleeping          |     2 |       |       |       |       |       |       |       |     1 ||     3
         Distracted        |     1 |       |       |       |       |     1 |       |       |       ||     2
         Held in net/web   |       |       |       |     3 |       |       |       |       |       ||     3
 Armour: Leather armour    |    72 |    43 |   185 |    29 |    85 |   110 |       |       |       ||   524
         Skin              |       |       |    11 |       |       |       |       |       |       ||    11
         Troll leather arm |       |       |       |       |       |    10 |    83 |    78 |    79 ||   250
         Ring mail         |       |       |       |       |       |       |       |       |   101 ||   101
  Dodge: Dodged            |    60 |    44 |   136 |    52 |   170 |   226 |   181 |   134 |   486 ||  1489
         Repelled          |       |       |       |       |     2 |    14 |    28 |    22 |    37 ||   103

Table legend: (Time is in decaauts)
 A = Elapsed time spent in this place.
 B = Non-inter-level travel time spent in this place.
 C = Inter-level travel time spent in this place.
 D = Time resting spent in this place.
 E = Time spent auto-exploring this place.
 F = Levels seen in this place.
 G = Mean time per level.
                   A        B        C        D        E       F      G
               +--------+--------+--------+--------+--------+-----+--------+
         Total | 113100 |  97585 |  15515 |  24901 |  61305 |  79 | 1431.6 |
       Dungeon |  28043 |  21614 |   6429 |   6473 |  12992 |  15 | 1869.5 |
        Temple |     31 |     19 |     12 |      0 |      0 |   1 |   31.0 |
          Lair |  12855 |  11116 |   1739 |   3582 |   6917 |   5 | 2571.0 |
         Swamp |  10219 |   9851 |    368 |   3999 |   5260 |   4 | 2554.8 |
   Spider Nest |   6449 |   5992 |    457 |   1797 |   3476 |   4 | 1612.2 |
    Slime Pits |   2106 |   1967 |    139 |    442 |   1248 |   5 |  421.2 |
  Orcish Mines |   6647 |   6359 |    288 |   2759 |   3001 |   2 | 3323.5 |
   Elven Halls |   6750 |   6128 |    622 |   1396 |   3921 |   3 | 2250.0 |
        Vaults |  12608 |   9718 |   2890 |    351 |   7993 |   5 | 2521.6 |
         Crypt |   4174 |   3787 |    387 |    302 |   2986 |   3 | 1391.3 |
          Tomb |      2 |      2 |      0 |      0 |      0 |   1 |    2.0 |
        Depths |   9584 |   8233 |   1351 |   1233 |   5789 |   4 | 2396.0 |
          Hell |     49 |     49 |      0 |      4 |      0 |   1 |   49.0 |
           Zot |   8034 |   7208 |    826 |    480 |   5811 |   5 | 1606.8 |
         Abyss |   1465 |   1465 |      0 |    826 |    200 |   1 | 1465.0 |
      Ziggurat |   1879 |   1879 |      0 |    746 |    455 |  16 |  117.4 |
        Bazaar |    300 |    300 |      0 |      0 |    286 |   1 |  300.0 |
         Trove |     78 |     78 |      0 |      0 |     33 |   1 |   78.0 |
       Ossuary |    558 |    558 |      0 |    317 |    173 |   1 |  558.0 |
      Gauntlet |   1260 |   1260 |      0 |    188 |    762 |   1 | 1260.0 |
               +--------+--------+--------+--------+--------+-----+--------+

Top non-repeatable levels by time:
   Orc:2: 4607 daAuts
 Swamp:4: 4524 daAuts
  Lair:5: 3723 daAuts
Vaults:1: 3380 daAuts
    D:11: 3350 daAuts
Vaults:2: 3130 daAuts
Depths:1: 3078 daAuts
   Elf:3: 3042 daAuts
    D:13: 3014 daAuts
Depths:2: 2876 daAuts
  Lair:1: 2650 daAuts
  Lair:3: 2643 daAuts
    D:15: 2591 daAuts
Vaults:5: 2385 daAuts
Spider:2: 2343 daAuts
